 Dungeon Crawl Stone Soup version 0.31-a0-524-g2a164cf6a2 (webtiles) character file.

Game seed: 1881105285434981905

174 AdnanSaban the Covered (level 5, 0/33 HPs)
             Began as a Gargoyle Fighter on Aug 12, 2023.
             Was an Initiate of Okawaru.
             Slain by a black bear (3 damage)
             ... on level 4 of the Dungeon.
             The game lasted 00:02:27 (2729 turns).

AdnanSaban the Covered (Gargoyle Fighter)           Turns: 2729, Time: 00:02:27

Health: 0/33       AC: 12    Str: 22    XL:     5   Next: 54%
Magic:  5/5        EV:  9    Int:  8    God:    Okawaru [......]
Gold:   187        SH:  4    Dex:  9    Spells: 4/4 levels left

rFire   . . .        a - +0 flail
rCold   . . .        c - +0 buckler
rNeg    + . .        b - +0 scale mail
rPois   ∞            (no helmet)
rElec   +            (no cloak)
rCorr   +            (no gloves)
SInv    .            i - +0 pair of boots
Will    .....        (no amulet) Stlth
                     o - ring of resist corrosion
HPRegen 0.25/turn    (no ring)
MPRegen 0.09/turn

%: no passive effects
@: no status effects
A: sickness immunity, AC +4, negative energy resistance 1, electricity
resistance, torment resistance 1, petrification resistance
a: Renounce Religion


You were on level 4 of the Dungeon.
You worshipped Okawaru.
Okawaru was noncommittal.
You visited 1 branch of the dungeon, and saw 4 of its levels.

You collected 187 gold pieces.

Inventory:

Hand Weapons
 a - a +0 flail (weapon)
Missiles
 t - 8 poisoned darts
 u - 5 boomerangs
Armour
 b - a +0 scale mail (worn)
 c - a +0 buckler (worn)
 i - a +0 pair of boots (worn)
Jewellery
 o - a ring of resist corrosion (left hand)
Scrolls
 f - a scroll of immolation {unknown}
 g - 7 scrolls of teleportation {unknown}
 h - a scroll of fear {unknown}
 k - a scroll of revelation {unknown}
 l - 7 scrolls of identify {unknown}
 r - 2 scrolls of enchant armour {unknown}
 s - a scroll of poison {unknown}
 v - a scroll of torment {unknown}
Potions
 d - a potion of might
 e - a potion of enlightenment {unknown}
 j - a potion of degeneration {unknown}
 m - a potion of invisibility {unknown}
 n - a potion of curing {unknown}
 p - 2 potions of berserk rage {unknown}
 q - a potion of brilliance {unknown}


   Skills:
 + Level 4.0 Fighting
 + Level 3.4 Maces & Flails
 + Level 4.4 Armour
 + Level 0.9 Dodging
 + Level 1.0 Stealth
 + Level 3.9 Shields


You had 4 spell levels left.
You didn't know any spells.
Your spell library contained the following spells:

 Spells                   Type           Power      Damage    Failure   Level
 Portal Projectile        Hex/Tloc       0%         N/A       99%         3
 Iskenderun's Mystic Bla  Conj/Tloc      0%         2d3       100%        4
 Leda's Liquefaction      Hex/Erth       0%         N/A       100%        4
 Call Canine Familiar     Summ           Unusable   N/A       N/A         3
 Tukima's Dance           Hex            Unusable   N/A       N/A         3

Dungeon Overview and Level Annotations

Branches:
Dungeon (4/15)             Temple (0/1) D:4

Altars:
Ashenzari
Elyvilon
Okawaru
Uskayaw
Zin
The Shining One

Shops:
D:2 ?   D:3 [


Innate Abilities, Weirdness & Mutations

You are immune to sickness and miasma.
Your stone body is resilient. (AC +4)
You are immune to poison.
You resist negative energy. (rN+)
You are resistant to electric shocks. (rElec)
You are resistant to unholy torment.
You are immune to petrification.


Message History

The black bear bites you but does no damage.
The black bear completely misses you. The black bear barely misses you.
The black bear bites you. The black bear closely misses you.
The black bear claws you.
The black bear attacks as you move away!
The black bear bites you but does no damage.
The black bear closely misses you.
The black bear claws you but does no damage.
The black bear attacks as you move away!
The black bear barely misses you.
The black bear claws you but does no damage.
The black bear barely misses you.
You barely miss the black bear.
The black bear is heavily wounded.
The black bear bites you but does no damage.
The black bear claws you but does no damage.
The black bear closely misses you.
You closely miss the black bear.
The black bear is heavily wounded.
The black bear bites you but does no damage.
You block the black bear's attack. The black bear barely misses you.
You hit the black bear.
The black bear is severely wounded.
The black bear goes berserk!
You barely miss the black bear.
The black bear is severely wounded.
The black bear bites you. The black bear closely misses you.
The black bear claws you but does no damage.
The hobgoblin barely misses you. The black bear bites you!
The black bear misses you.
The black bear claws you but does no damage.
You barely miss the black bear.
The black bear is severely wounded.
The black bear bites you.
The black bear claws you but does no damage.
The black bear closely misses you. The hobgoblin barely misses you.
The black bear bites you!
* * * LOW HITPOINT WARNING * * *
The black bear claws you.
You die...

#....#....#######..........#....
....††..........##.......####....
..##...###...##..#.......#...#...
.# #.#.# #.#.# #.#.......#...'...
. #...# #...###.........#...#...
.###. ##............#####... . .
#.#..#####......#.... .. #.
#..g.# #......#⌠.## #.#..###@#
#.####.####. #.# #h# #.# #....#.
.#S.###g# ..# ###..#[ #g.Ss# ..##
##..# #.#..# ### #... #....# ###.
..###.# ## #.#. #.. # .. ...#


You could see a black bear (berserk), a scorpion, 2 hobgoblins and a ball
python.

Vanquished Creatures
  A hound (D:4)
  An orc wizard (D:3)
  A gnoll (D:1)
  2 adders (D:3)
  3 orcs (D:3)
  6 endoplasms
  3 giant cockroaches
  8 goblins
  13 hobgoblins
  8 jackals (D:3)
  7 quokkas
  7 ball pythons
  4 bats
  3 frilled lizards
  7 kobolds
  6 rats
80 creatures vanquished.

Notes
Turn   | Place    | Note
-------+----------+-------------------------------------------
     0 | D:1      | AdnanSaban the Gargoyle Fighter began the quest for the
                  | Orb.
     0 | D:1      | Reached XP level 1. HP: 14/14 MP: 1/1
   257 | D:1      | Reached XP level 2. HP: 19/19 MP: 2/2
   642 | D:1      | Reached XP level 3. HP: 24/24 MP: 3/3
  1150 | D:2      | Found Targh's Magic Scroll Shop.
  1329 | D:2      | Reached XP level 4. HP: 29/29 MP: 4/4
  1646 | D:3      | Reached skill level 1 in Stealth
  1653 | D:3      | Found a faded altar of an unknown god.
  1867 | D:3      | Reached XP level 5. HP: 32/33 MP: 5/5
  1950 | D:3      | Found an iron altar of Okawaru.
  2062 | D:3      | Became a worshipper of Warmaster Okawaru
  2152 | D:3      | Found a glowing golden altar of the Shining One.
  2152 | D:3      | Found a white marble altar of Elyvilon.
  2152 | D:3      | Found a glowing silver altar of Zin.
  2315 | D:3      | Found Gasuar's Armour Shoppe.
  2457 | D:4      | Found a staircase to the Ecumenical Temple.
  2495 | D:4      | Found a hide-covered altar of Uskayaw.
  2555 | D:4      | Found a broken altar of Ashenzari.
  2715 | D:4      | Noticed a black bear
  2729 | D:4      | Slain by a black bear

Illustrated notes

Levels and vault maps discovered:
D:1:      dpeg_arrival_castle, layout_loops_ring, serial_forest,
          infiniplex_forest_straight_2, infiniplex_forest_zigzag_1,
          infiniplex_forest_clump_curved, infiniplex_forest_clump_C,
          infiniplex_forest_lined_corner, infiniplex_forest_end_3,
          infiniplex_forest_lined_2
D:2:      layout_loops_cross, serial_shops, nicolae_shop_just_a_little_nook,
          minmay_fractal_squares_gapless_5
D:3:      layout_basic, good_gods_mini_temple, mainiacjoe_overflow_24_doors,
          serial_shops, nicolae_shop_trees, shapermc_ecumenical_altar_flowoftime
D:4:      layout_basic, eat_drink_and_be_merry_uskayaw, kb_xom_exploding_sheep,
          evilmike_ruin_ashenzari, minmay_temple_entry_waves,
          minmay_starry_boxes

Skill      XL: |  1  2  3  4  5 |
---------------+----------------+-----
Stealth        | 1 |  1.0
Maces & Flails | 3 |  3.4
Fighting       | 4 |  4.0
Armour         | 4 |  4.4
Dodging        | |  0.9
Shields        | |  3.9

Action                     |  1- 3 |  4- 6 || total
---------------------------+-------+-------++-------
  Melee: Flail             |   147 |   141 ||   288
 Armour: Scale mail        |    78 |   143 ||   221
  Dodge: Dodged            |    83 |   100 ||   183
  Block: Buckler           |    36 |    29 ||    65

Table legend: (Time is in decaauts)
 A = Elapsed time spent in this place.
 B = Non-inter-level travel time spent in this place.
 C = Inter-level travel time spent in this place.
 D = Time resting spent in this place.
 E = Time spent auto-exploring this place.
 F = Levels seen in this place.
 G = Mean time per level.
                   A        B        C        D        E       F      G
               +--------+--------+--------+--------+--------+-----+--------+
         Total |   2816 |   2737 |     79 |      0 |   2087 |   4 |  704.0 |
       Dungeon |   2816 |   2737 |     79 |      0 |   2087 |   4 |  704.0 |
               +--------+--------+--------+--------+--------+-----+--------+

Top non-repeatable levels by time:
     D:3: 882 daAuts
     D:1: 814 daAuts
     D:2: 750 daAuts
     D:4: 368 daAuts
